 Dungeon Crawl Stone Soup version 0.27-a0-328-g7f782ed93a (webtiles) character file.

Game seed: 4903486279753932249

37 CurlyBrace the Caller (level 3, 0/15 HPs)
             Began as a Felid Summoner on Feb 11, 2021.
             Was an Initiate of Cheibriados.
             Slain by a worker ant (7 damage)
             ... on level 4 of the Dungeon.
             The game lasted 00:05:18 (439 turns).

CurlyBrace the Caller (Felid Summoner)               Turns: 439, Time: 00:05:18

Health: 0/15       AC:  1    Str:  6    XL:     3   Next: 21%
Magic:  5/7        EV: 18    Int: 17    God:    Cheibriados [......]
Gold:   64         SH:  0    Dex: 17    Spells: 2/6 levels left
                                        Lives:  0   Deaths: 0

rFire    . . .     SeeInvis +     - Unarmed
rCold    . . .     Faith    .   (shield unavailable)
rNeg     . . .     Spirit   .   (armour unavailable)
rPois    .         Reflect  .   (helmet unavailable)
rElec    .         Harm     .   (cloak unavailable)
rCorr    .         Rampage  .   (gloves unavailable)
Will     .....                  (boots unavailable)
Stlth    +++.......             c - amulet of magic regeneration
HPRegen  0.05/turn              b - ring of wizardry
MPRegen  0.35/turn              (no ring)

@: brilliant, attractive, slow
A: very small, no armour, no weapons or thrown items, stealth, claws 1, fangs 3,
see invisible, speed 1, shaggy fur 1, sharp paws
a: Renounce Religion, Bend Time


You were on level 4 of the Dungeon.
You worshipped Cheibriados.
Cheibriados was noncommittal.
You visited 1 branch of the dungeon, and saw 4 of its levels.

You collected 64 gold pieces.

Inventory:

Jewellery
 b - a ring of wizardry (left paw)
   (You found it on level 3 of the Dungeon)
 c - an amulet of magic regeneration (around neck)
   (You found it on level 3 of the Dungeon)
 d - a +4 ring of evasion {unknown}
   (You found it on level 4 of the Dungeon)
Scrolls
 r - 2 scrolls of identify


   Skills:
 * Level 1.5 Fighting
 - Level 3.0 Dodging
 - Level 3.0 Stealth
 * Level 1.5 Unarmed Combat
 - Level 2.0 Spellcasting
 - Level 4.0 Summonings
 + Level 0.7 Necromancy


You had 2 spell levels left.
You knew the following spells:

 Your Spells              Type           Power        Failure   Level
a - Summon Small Mammal   Summ           88%          1%          1
b - Call Imp              Summ           22%          2%          2
c - Pain                  Necr           24%          6%          1

Your spell library contained the following spells:

 Spells                   Type           Power        Failure   Level
 Animate Skeleton         Necr           12%          6%          1
 Call Canine Familiar     Summ           22%          4%          3
 Summon Guardian Golem    Hex/Summ       12%          11%         3
 Vampiric Draining        Necr           3%           17%         3
 Summon Ice Beast         Ice/Summ       12%          32%         4
 Summon Lightning Spire   Summ/Air       12%          32%         4
 Animate Dead             Necr           3%           47%         4
 Agony                    Necr           6%           82%         5


Dungeon Overview and Level Annotations

Branches:
Dungeon (4/15)
 Temple: D:4-7

Altars:
Cheibriados
Fedhas


Innate Abilities, Weirdness & Mutations

You cannot wear armour.
You are incapable of wielding weapons or throwing items.
Your paws allow you to move quietly. (Stealth)
You have sharp claws.
You have razor-sharp teeth.
You have supernaturally acute eyesight. (SInv)
You cover ground quickly.
You are covered in fur. (AC +1)
Your sharp claws are effective at attacking unaware monsters.


Message History

You scratch the hound skeleton.
The hound skeleton is lightly damaged.
The hound skeleton bites you. The hound skeleton closely misses you.
You barely miss the hound skeleton.
The hound skeleton is lightly damaged.
The hound skeleton closely misses you.
You scratch the hound skeleton.
The hound skeleton is lightly damaged.
Your quokka bites the hound skeleton.
The hound skeleton bites your quokka.
You hear a bark!
You scratch the hound skeleton. Your bite misses the hound skeleton.
The hound skeleton is severely damaged.
You hear a bark!
Your quokka bites the hound skeleton.
The hound skeleton barely misses you.
You scratch the hound skeleton.
You destroy the hound skeleton!
Cheibriados appreciates the change of pace.
You have reached level 3!
Your experience leads to an increase in your attributes!
Your base attributes are Str 4, Int 16, Dex 16.
Increase (S)trength, (I)ntelligence, or (D)exterity?
You feel stronger.
A jackal comes into view.
You see here a golden potion.
It was a potion of attraction.
You feel attractive to monsters. The worker ant is pulled toward you!
You feel clever all of a sudden. The worker ant completely misses you.
The jackal is pulled toward you!
Casting: Summon Small Mammal (safe; 1% risk of failure)
Confirm with . or Enter, or press ? or * to list all spells.
You feel a surge of power!
A beastly little devil appears in a puff of frigid air.
The worker ant completely misses you. The jackal is pulled toward you!
Casting: Call Imp (safe; 2% risk of failure)
Confirm with . or Enter, or press ? or * to list all spells.
You feel a surge of power!
A shadowy apparition takes form in the air.
The jackal misses you. The worker ant bites you!
You die...

#####.# ###
#.....######
...#+##..........
...............#
...............+
...............
.........5.[#
#...r@#### #
#...5Bh....#
#....h.###.#
######.###.####.
#######.#.......h
+..5†h..........>
#######'#h####
####...h....#
............#


You could see a worker ant, 3 jackals, a friendly white imp (summoned), a
friendly shadow imp (summoned) and a friendly quokka (summoned).

Vanquished Creatures
  A hound skeleton (D:4)
  A giant cockroach (D:1)
  3 goblins
  2 hobgoblins
  2 bats (D:2)
  3 kobolds
  2 rats
14 creatures vanquished.

Vanquished Creatures (collateral kills)
  A worker ant (D:4)
  A leopard gecko (D:4)
  An orc (D:4)
3 creatures vanquished.

Vanquished Creatures (others)
  A kobold (D:2)
1 creature vanquished.

Grand Total: 18 creatures vanquished

Notes
Turn   | Place    | Note
-------+----------+-------------------------------------------
     0 | D:1      | CurlyBrace the Felid Summoner began the quest for the Orb.
     0 | D:1      | Reached XP level 1. HP: 7/7 MP: 4/4
   140 | D:3      | Reached XP level 2. HP: 8/12 MP: 6/6
   151 | D:3      | Learned a level 2 spell: Call Imp
   176 | D:3      | Learned a level 1 spell: Pain
   194 | D:4      | Found a snail-covered altar of Cheibriados.
   202 | D:4      | Became a worshipper of Cheibriados the Contemplative
   238 | D:3      | Reached skill level 1 in Unarmed Combat
   244 | D:3      | Found a blossoming altar of Fedhas.
   342 | D:4      | Reached skill level 1 in Fighting
   434 | D:4      | Reached XP level 3. HP: 7/15 MP: 7/7
   439 | D:4      | Slain by a worker ant

Illustrated notes

Levels and vault maps discovered:
D:1:      lightli_arrival_statue_moat, layout_loops_cross
D:2:      minmay_evil_eye, layout_loops_corners, fiery_altar_vehumet, uniq_robin
D:3:      layout_loops_ring, eat_drink_and_be_merry_uskayaw,
          nicolae_overflow_crystal_walls, minmay_misc_feat_doors,
          minmay_misc_feat_five
D:4:      layout_basic, cheibriados_altar_1, uniq_eustachio

Skill      XL: |  1  2 |
---------------+-------+-----
Dodging        | 3 |  3.0
Unarmed Combat | 1 |  1.5
Stealth        | 3 |  3.0
Fighting       | 1 |  1.5
Spellcasting   | |  2.0
Summonings     | |  4.0
Necromancy     | |  0.7

Action                   || total
-------------------------++-------
Melee: Unarmed           ||    39
 Cast: Call Imp          ||     7
       Summon Small Mamm ||     4
  Use: Scroll            ||     3
       Potion            ||     3
 Stab: Sleeping          ||     5
Armor: Skin              ||     1
Dodge: Dodged            ||    34

Table legend: (Time is in decaauts)
 A = Elapsed time spent in this place.
 B = Non-inter-level travel time spent in this place.
 C = Inter-level travel time spent in this place.
 D = Time resting spent in this place.
 E = Time spent auto-exploring this place.
 F = Levels seen in this place.
 G = Mean time per level.
                   A        B        C        D        E       F      G
               +--------+--------+--------+--------+--------+-----+--------+
         Total |    426 |    426 |      0 |      0 |      0 |   4 |  106.5 |
       Dungeon |    426 |    426 |      0 |      0 |      0 |   4 |  106.5 |
               +--------+--------+--------+--------+--------+-----+--------+

Top non-repeatable levels by time:
     D:4: 182 daAuts
     D:3: 141 daAuts
     D:1: 53 daAuts
     D:2: 48 daAuts
